 Dungeon Crawl Stone Soup version 0.17-a0-1332-g9db7d08 (webtiles) character file.

572 Bikalo the Fighter (level 7, -1/68 HPs)
             Began as a Hill Orc Monk on June 10, 2015.
             Succumbed to trantor's ghost's poison
             ... on level 4 of the Dungeon.
             The game lasted 00:06:12 (2170 turns).

Bikalo the Fighter (Hill Orc Monk)                  Turns: 2170, Time: 00:06:12

Health: -1/68      AC: 17    Str: 14      XL:     7   Next: 34%
Magic:  7/7        EV:  4    Int: 13 (15) God:
Gold:   56         SH:  9    Dex: 15      Spells: 0 memorised, 6 levels left

rFire  . . .     SeeInvis .     z - +2 short sword (protect)
rCold  + . .     Clarity  .     l - +0 chain mail
rNeg   . . .     SustAt   .     m - +0 shield (curse)
rPois  .         Gourm    .     v - +1 helmet
rElec  .         Spirit   .     (no cloak)
rCorr  .         Warding  .     t - +0 pair of gloves
rMut   .         Stasis   .     (no boots)
MR     .....                    (no amulet)
Stlth  ..........               c - ring of protection from cold
                                g - +4 ring of slaying

@: brilliant, lethally poisoned (-1 -> -47), not resistant to hostile
enchantments, extremely unstealthy
A: no striking features
a: no special abilities


You were on level 4 of the Dungeon.
You were hungry.

You visited 1 branch of the dungeon, and saw 4 of its levels.

You collected 56 gold pieces.

Inventory:

Hand weapons
 y - a +0 morningstar
 z - a +2 short sword of protection (weapon)
Armour
 a - a +0 robe
 l - a +0 chain mail (worn)
 m - a cursed +0 shield (worn)
 t - a +0 pair of gloves (worn)
 v - a +1 helmet (worn)
Jewellery
 c - a ring of protection from cold (right hand)
 g - a +4 ring of slaying (left hand)
Magical devices
 u - a wand of slowing (17)
Scrolls
 d - 5 scrolls of remove curse {unknown}
 e - a scroll of enchant weapon {unknown}
 f - a scroll of enchant armour {unknown}
 k - 2 scrolls of recharging {unknown}
 n - 2 scrolls of identify {unknown}
 o - a scroll of magic mapping {unknown}
 p - 3 scrolls of teleportation {unknown}
 w - a scroll of noise {unknown}
Potions
 i - a potion of brilliance
 j - a potion of curing {unknown}
 r - a potion of degeneration
Comestibles
 b - 2 bread rations
 h - 4 fruits
 q - a beef jerky
 s - 2 meat rations
 x - a chunk of flesh


   Skills:
 * Level 8.0 Fighting
 + Level 3.4 Armour
 - Level 2.4 Dodging
 - Level 1.5 Stealth
 + Level 3.3 Shields
 - Level 4.3 Unarmed Combat


You had 6 spell levels left.
You didn't know any spells.

Dungeon Overview and Level Annotations

Branches:
Dungeon (4/15)             Temple (0/1) D:4

Altars:
Dithmenos
Kikubaaqudgha
Qazlal
The Shining One

Annotations:
D:4 trantor's ghost, experienced HEHu


Message History

Trantor's ghost hits you but does no damage.
You are more poisoned.
You closely miss trantor's ghost.
Trantor's ghost is almost destroyed.
* * * LOW HITPOINT WARNING * * *
You feel very sick. Trantor's ghost hits you.
* * * LOW HITPOINT WARNING * * *
Drink which item? (? for menu, Esc to quit)
It was a potion of brilliance.
You feel clever all of a sudden.
* * * LOW HITPOINT WARNING * * *
You feel very sick.
Trantor's ghost hits you but does no damage.
You are more poisoned.
Drink which item? (? for menu, Esc to quit)
It was a potion of degeneration.
There was something very wrong with that liquid.
You feel dopey.
You die...

... #8>8#. .....
...# ###### #.#.#.
..# # #...... ..#
... #.##.#### # ..
#.#.##.######## ..
#. #..#.#........
...#.#W##
##.†###.######
#.....@###..#.#.##
#.....).#.####.##
###..###.## ###
#.... ### #.## #


You could see trantor's ghost.

Vanquished Creatures
  Grinder (D:3)
  Sigmund (D:3)
  Ijyb (D:3)
  A hound (D:4)
  An iguana (D:4)
  Robin (D:3)
  5 adders
  An ooze (D:2)
  3 worms
  4 orcs
  6 bats
  11 hobgoblins
  4 jackals (D:2)
  5 kobolds
  2 quokkas
  2 giant cockroaches (D:1)
  A giant gecko (D:2)
  2 giant newts (D:1)
  11 goblins
  6 rats
69 creatures vanquished.

Notes
Turn   | Place    | Note
--------------------------------------------------------------
     0 | D:1      | Bikalo the Hill Orc Monk began the quest for the Orb.
     0 | D:1      | Reached XP level 1. HP: 19/19 MP: 1/1
   227 | D:1      | Reached XP level 2. HP: 22/27 MP: 2/2
   731 | D:2      | Reached XP level 3. HP: 21/35 MP: 3/3
   743 | D:2      | Reached skill level 5 in Fighting
  1030 | D:2      | Found a glowing golden altar of the Shining One.
  1383 | D:3      | Noticed Ijyb
  1410 | D:3      | Killed Ijyb
  1410 | D:3      | Reached skill level 1 in Armour
  1410 | D:3      | Reached XP level 4. HP: 35/44 MP: 4/4
  1453 | D:3      | Noticed Robin
  1465 | D:3      | Reached skill level 6 in Fighting
  1474 | D:3      | Killed Robin
  1476 | D:3      | Reached skill level 1 in Shields
  1559 | D:3      | Reached XP level 5. HP: 42/50 MP: 5/5
  1744 | D:3      | Noticed Sigmund
  1767 | D:3      | Killed Sigmund
  1767 | D:3      | Reached skill level 7 in Fighting
  1767 | D:3      | Reached XP level 6. HP: 31/60 MP: 6/6
  1882 | D:3      | Found a shadowy altar of Dithmenos.
  1885 | D:3      | Found a stormy altar of Qazlal.
  1885 | D:3      | Noticed Grinder
  1891 | D:3      | Paralysed by Grinder for 5 turns
  1899 | D:3      | Killed Grinder
  1899 | D:3      | Reached XP level 7. HP: 41/67 MP: 7/7
  1903 | D:3      | Found an ancient bone altar of Kikubaaqudgha.
  2077 | D:4      | Found a staircase to the Ecumenical Temple.
  2101 | D:4      | Reached skill level 8 in Fighting
  2141 | D:4      | Noticed trantor's ghost (experienced HEHu)
  2169 | D:4      | HP: 2/68 [poisoned by trantor's ghost]
  2170 | D:4      | Succumbed to trantor's ghost's poison

Vault maps used:
D:1:      nagdon_arrival_double_spiral, grunt_decor_fettered
D:2:      nicolae_overflow_crystal_walls
D:3:      grunt_temple_overflow_diamond, first_bread, uniq_robin, uniq_grinder,
          uniq_iyjb, uniq_sigmund
D:4:      minmay_opposing_rooms, overflow_temple_1_default, temple_statues

Action                   |  1- 3 |  4- 6 |  7- 9 || total
-------------------------+-------+-------+-------++-------
Melee: Unarmed           |   133 |    88 |    36 ||   257
       Short sword       |       |       |    26 ||    26
  Use: Potion            |       |     1 |     2 ||     3
 Stab: Sleeping          |     4 |       |       ||     4
  Eat: Chunk             |       |     3 |     1 ||     4
